Map: Submarine LE

Players

IIIIIIIIIIII - Winner!

  • Race: Terran Terran
  • League: Diamond
  • Spawn Location: 5:00

IIIIIIIIIIII - Winner!

  • Race: Terran Terran
  • League: Diamond
  • Spawn Location: 5:00

Trizztein

  • Race: Zerg Zerg
  • League: Diamond, Diamond
  • Spawn Location: 11:00

VOD

Have the link to the VOD?

Description

Time

  • Played on: March 5, 2021, 8:36 p.m.
  • Length: 11:14
Show
View Real Time Build Order
Export as new Build Order

IIIIIIIIIIII Terran - Winner!

Build Orders: Liberator Opening, Reaper Expand 

Get SALT Encoding   

  12  0:00  SCV  
  13  0:12  SCV  
  14  0:17  Supply Depot  
  14  0:24  SCV  
  15  0:39  SCV  
  15  0:40  Barracks  
  16  0:44  Refinery  
  16  0:52  SCV  
  17  1:04  SCV  
  18  1:16  SCV  
  19  1:29  Reaper, Orbital Command  
  20  1:42  Command Center  
  20  1:57  SCV  
  20  1:59  Supply Depot  
  20  2:01  Marine  
  22  2:11  Factory  
  22  2:13  Refinery  
  22  2:14  SCV  
  23  2:26  SCV  
  24  2:36  Barracks Reactor  
  24  2:38  SCV  
  25  2:51  SCV  
  26  2:57  Supply Depot  
  26  3:00  Orbital Command  
  26  3:03  SCV, Starport  
  27  3:15  SCV  
  27  3:19  Hellion x2  
  32  3:22  Marine  
  32  3:25  SCV  
  34  3:27  SCV  
  35  3:37  SCV  
  35  3:39  SCV  
  37  3:43  Hellion x2  
  37  3:47  Liberator  
  44  3:49  SCV  
  44  3:51  SCV  
  44  3:52  Barracks Tech Lab  
  46  4:01  SCV, Supply Depot  
  47  4:03  SCV  
  47  4:04  Hellion  
  47  4:05  Hellion  
  52  4:14  SCV  
  52  4:15  SCV  
  54  4:23  Supply Depot  
  54  4:26  SCV  
  54  4:27  SCV  
  54  4:28  Stimpack  
  56  4:38  SCV  
  57  4:39  SCV  
  58  4:47  Command Center  
  58  4:48  Supply Depot  
  58  4:49  Starport Reactor, Factory Tech Lab  
  58  4:52  Barracks  
  58  4:54  Barracks  
  58  5:04  SCV  
  58  5:06  SCV  
  60  5:11  Refinery  
  60  5:13  Engineering Bay  
  60  5:14  Engineering Bay  
  59  5:16  SCV  
  60  5:22  SCV  
  60  5:25  Siege Tank  
  60  5:28  SCV  
  65  5:29  Barracks  
  62  5:35  Barracks  
  62  5:36  SCV  
  63  5:47  SCV  
  63  5:48  SCV  
  63  5:49  Terran Infantry Armor Level 1, Terran Infantry Weapons Level 1  
  53  5:50  Marine  
  53  5:51  Marine  
  53  5:53  Orbital Command  
  53  5:56  Supply Depot  
  55  5:57  Supply Depot  
  55  5:59  SCV  
  55  6:00  SCV  
  57  6:05  Siege Tank, Medivac x2  
  57  6:06  Marine  
  57  6:07  Barracks Reactor  
  57  6:08  Marine x2  
  67  6:21  Barracks Reactor  
  67  6:23  Marine  
  68  6:26  Marine x2  
  68  6:27  SCV  
  68  6:29  Refinery  
  68  6:30  Barracks Reactor  
  68  6:32  Supply Depot  
  71  6:33  Supply Depot  
  71  6:35  Combat Shield  
  70  6:41  Marine  
  70  6:43  Marine x2  
  70  6:44  Marine x2  
  70  6:45  Medivac  
  77  6:48  SCV  
  78  6:58  Armory  
  78  6:59  Marine  
  78  7:01  Marine x2  
  80  7:05  Marine  
  80  7:07  SCV  
  83  7:09  Marine x5  
  83  7:10  Siege Tank  
  83  7:11  SCV  
  93  7:17  Marine  
  93  7:19  SCV  
  93  7:20  Orbital Command  
  94  7:24  Marine x2  
  94  7:27  Marine x3, Supply Depot  
  94  7:28  Marine  
  94  7:29  Medivac  
  102  7:34  Marine x2  
  102  7:35  Marine  
  105  7:38  SCV  
  105  7:42  Siege Tank, Marine x2  
  111  7:53  Marauder, SCV  
  111  7:54  Marine x3  
  111  7:55  Marine x2, Supply Depot x2  
  111  7:57  Marine  
  120  8:00  Marine x2  
  122  8:08  SCV  
  122  8:09  SCV  
  122  8:10  SCV  
  122  8:12  Marine x3  
  127  8:14  Siege Tank  
  131  8:24  Marine x2  
  115  8:35  Marine  
  115  8:36  Marauder, Marine x3  
  119  8:46  Siege Tank  
  120  8:53  Marine x3  
  120  8:54  Marine x3  
  120  8:55  SCV, Medivac x2  
  131  8:56  SCV  
  131  8:58  Marauder  
  131  9:02  SCV  
  135  9:04  Refinery  
  135  9:06  Refinery  
  135  9:07  SCV  
  133  9:11  Marine  
  133  9:12  Marine x6  
  140  9:17  SCV  
  140  9:18  Siege Tank  
  140  9:19  Marauder, Marine  
  147  9:29  Marine x2  
  126  9:39  Marine x2  
  126  9:40  Marine x3  
  126  9:41  Marauder, Medivac  
  134  9:50  Siege Tank  
  137  9:52  Marine  
  137  9:53  Marine  
  137  9:54  Marine  
  137  9:55  Medivac  
  137  9:56  SCV  
  137  9:57  Marine x3  
  146  10:00  SCV  
  146  10:02  Marauder  
  149  10:25  Supply Depot  
  149  10:26  Supply Depot  
  149  10:31  SCV x2, Medivac, Marine x4  
  157  10:36  Command Center  
  157  10:46  SCV, Marine x4  
  157  10:47  Marauder  
  157  10:49  Marine x4  
Show
View Real Time Build Order
Export as new Build Order

IIIIIIIIIIII Terran - Winner!

Build Orders: Liberator Opening, Reaper Expand 

Get SALT Encoding   

  12  0:00  SCV  
  13  0:12  SCV  
  14  0:17  Supply Depot  
  14  0:24  SCV  
  15  0:39  SCV  
  15  0:40  Barracks  
  16  0:44  Refinery  
  16  0:52  SCV  
  17  1:04  SCV  
  18  1:16  SCV  
  19  1:29  Reaper, Orbital Command  
  20  1:42  Command Center  
  20  1:57  SCV  
  20  1:59  Supply Depot  
  20  2:01  Marine  
  22  2:11  Factory  
  22  2:13  Refinery  
  22  2:14  SCV  
  23  2:26  SCV  
  24  2:36  Barracks Reactor  
  24  2:38  SCV  
  25  2:51  SCV  
  26  2:57  Supply Depot  
  26  3:00  Orbital Command  
  26  3:03  SCV, Starport  
  27  3:15  SCV  
  27  3:19  Hellion x2  
  32  3:22  Marine  
  32  3:25  SCV  
  34  3:27  SCV  
  35  3:37  SCV  
  35  3:39  SCV  
  37  3:43  Hellion x2  
  37  3:47  Liberator  
  44  3:49  SCV  
  44  3:51  SCV  
  44  3:52  Barracks Tech Lab  
  46  4:01  SCV, Supply Depot  
  47  4:03  SCV  
  47  4:04  Hellion  
  47  4:05  Hellion  
  52  4:14  SCV  
  52  4:15  SCV  
  54  4:23  Supply Depot  
  54  4:26  SCV  
  54  4:27  SCV  
  54  4:28  Stimpack  
  56  4:38  SCV  
  57  4:39  SCV  
  58  4:47  Command Center  
  58  4:48  Supply Depot  
  58  4:49  Starport Reactor, Factory Tech Lab  
  58  4:52  Barracks  
  58  4:54  Barracks  
  58  5:04  SCV  
  58  5:06  SCV  
  60  5:11  Refinery  
  60  5:13  Engineering Bay  
  60  5:14  Engineering Bay  
  59  5:16  SCV  
  60  5:22  SCV  
  60  5:25  Siege Tank  
  60  5:28  SCV  
  65  5:29  Barracks  
  62  5:35  Barracks  
  62  5:36  SCV  
  63  5:47  SCV  
  63  5:48  SCV  
  63  5:49  Terran Infantry Armor Level 1, Terran Infantry Weapons Level 1  
  53  5:50  Marine  
  53  5:51  Marine  
  53  5:53  Orbital Command  
  53  5:56  Supply Depot  
  55  5:57  Supply Depot  
  55  5:59  SCV  
  55  6:00  SCV  
  57  6:05  Siege Tank, Medivac x2  
  57  6:06  Marine  
  57  6:07  Barracks Reactor  
  57  6:08  Marine x2  
  67  6:21  Barracks Reactor  
  67  6:23  Marine  
  68  6:26  Marine x2  
  68  6:27  SCV  
  68  6:29  Refinery  
  68  6:30  Barracks Reactor  
  68  6:32  Supply Depot  
  71  6:33  Supply Depot  
  71  6:35  Combat Shield  
  70  6:41  Marine  
  70  6:43  Marine x2  
  70  6:44  Marine x2  
  70  6:45  Medivac  
  77  6:48  SCV  
  78  6:58  Armory  
  78  6:59  Marine  
  78  7:01  Marine x2  
  80  7:05  Marine  
  80  7:07  SCV  
  83  7:09  Marine x5  
  83  7:10  Siege Tank  
  83  7:11  SCV  
  93  7:17  Marine  
  93  7:19  SCV  
  93  7:20  Orbital Command  
  94  7:24  Marine x2  
  94  7:27  Marine x3, Supply Depot  
  94  7:28  Marine  
  94  7:29  Medivac  
  102  7:34  Marine x2  
  102  7:35  Marine  
  105  7:38  SCV  
  105  7:42  Siege Tank, Marine x2  
  111  7:53  Marauder, SCV  
  111  7:54  Marine x3  
  111  7:55  Marine x2, Supply Depot x2  
  111  7:57  Marine  
  120  8:00  Marine x2  
  122  8:08  SCV  
  122  8:09  SCV  
  122  8:10  SCV  
  122  8:12  Marine x3  
  127  8:14  Siege Tank  
  131  8:24  Marine x2  
  115  8:35  Marine  
  115  8:36  Marauder, Marine x3  
  119  8:46  Siege Tank  
  120  8:53  Marine x3  
  120  8:54  Marine x3  
  120  8:55  SCV, Medivac x2  
  131  8:56  SCV  
  131  8:58  Marauder  
  131  9:02  SCV  
  135  9:04  Refinery  
  135  9:06  Refinery  
  135  9:07  SCV  
  133  9:11  Marine  
  133  9:12  Marine x6  
  140  9:17  SCV  
  140  9:18  Siege Tank  
  140  9:19  Marauder, Marine  
  147  9:29  Marine x2  
  126  9:39  Marine x2  
  126  9:40  Marine x3  
  126  9:41  Marauder, Medivac  
  134  9:50  Siege Tank  
  137  9:52  Marine  
  137  9:53  Marine  
  137  9:54  Marine  
  137  9:55  Medivac  
  137  9:56  SCV  
  137  9:57  Marine x3  
  146  10:00  SCV  
  146  10:02  Marauder  
  149  10:25  Supply Depot  
  149  10:26  Supply Depot  
  149  10:31  SCV x2, Medivac, Marine x4  
  157  10:36  Command Center  
  157  10:46  SCV, Marine x4  
  157  10:47  Marauder  
  157  10:49  Marine x4  
Show
View Real Time Build Order
Export as new Build Order

Trizztein Zerg 

Build Orders: Hatch First 

Get SALT Encoding   

  12  0:00  Drone  
  13  0:13  Overlord  
  13  0:17  Drone  
  14  0:31  Drone x2  
  16  0:49  Hatchery  
  15  0:51  Drone  
  15  0:55  Drone  
  17  1:00  Drone  
  18  1:09  Extractor  
  17  1:15  Spawning Pool  
  17  1:16  Drone  
  17  1:19  Drone  
  18  1:29  Drone  
  19  1:40  Drone  
  20  1:50  Overlord  
  20  2:04  Queen x2  
  20  2:05  Zergling x4  
  26  2:17  Metabolic Boost, Drone x2  
  26  2:21  Extractor  
  27  2:35  Hatchery  
  27  2:36  Drone  
  28  2:37  Drone  
  28  2:40  Drone  
  29  2:52  Pneumatized Carapace  
  29  2:54  Queen  
  31  3:00  Overlord  
  31  3:03  Drone  
  31  3:04  Drone  
  33  3:11  Drone x2  
  35  3:21  Overlord  
  35  3:22  Drone x4  
  39  3:30  Queen  
  41  3:37  Drone x2  
  41  3:41  Overlord x2  
  43  3:57  Zergling x6  
  43  3:59  Drone x3  
  43  4:00  Baneling Nest  
  43  4:02  Queen  
  48  4:05  Overlord  
  48  4:09  Zergling x4  
  53  4:10  Zergling x2  
  53  4:17  Queen  
  53  4:19  Overlord  
  53  4:20  Overlord  
  53  4:21  Drone  
  53  4:23  Extractor  
  55  4:25  Drone x2  
  57  4:43  Queen  
  59  4:48  Drone x6  
  59  4:49  Baneling x2  
  59  4:50  Baneling x3  
  65  4:58  Spore Crawler  
  61  5:15  Spore Crawler x2  
  61  5:16  Spore Crawler  
  51  5:49  Drone x5  
  59  5:50  Drone x7  
  59  5:54  Drone x6  
  59  5:56  Queen x2  
  71  5:58  Lair  
  71  6:01  Drone x3  
  76  6:09  Drone  
  76  6:10  Drone x2  
  76  6:11  Hatchery  
  78  6:19  Drone x3  
  78  6:22  Extractor x2  
  79  6:25  Zergling x6  
  79  6:27  Overlord x3  
  82  6:42  Zergling x12  
  88  6:48  Drone x3, Evolution Chamber  
  88  6:49  Evolution Chamber  
  89  6:54  Extractor  
  89  6:57  Overlord x3  
  89  6:59  Zergling x4  
  90  7:13  Overlord  
  90  7:14  Zergling x10  
  92  7:18  Centrifical Hooks  
  92  7:20  Zerg Ground Armor Level 1, Zerg Melee Weapons Level 1  
  92  7:22  Drone x3  
  95  7:23  Extractor  
  95  7:26  Queen  
  96  7:33  Drone x5, Spine Crawler  
  96  7:34  Spine Crawler  
  96  7:37  Overlord x3  
  99  7:40  Spore Crawler, Drone x3  
  99  7:42  Spine Crawler  
  98  8:02  Drone x6  
  98  8:03  Drone x3  
  107  8:07  Queen  
  107  8:10  Queen  
  111  8:13  Zergling x20  
  117  8:30  Zergling x14  
  108  8:46  Zergling x26  
  114  8:52  Baneling x8  
  114  8:53  Baneling  
  114  8:54  Baneling x9  
  101  9:02  Zergling x22  
  106  9:07  Hatchery  
  94  9:17  Zergling x2  
  94  9:18  Zergling x18  
  79  9:38  Zergling x10  
  79  9:39  Zergling x8  
  81  9:47  Zergling x4  
  82  9:53  Zergling x8  
  82  9:57  Baneling  
  82  9:58  Baneling x5  
  82  9:59  Baneling x12  
  86  10:01  Queen  
  86  10:02  Queen  
  90  10:08  Baneling  
  90  10:09  Baneling x5  
  90  10:20  Zergling x16  
  90  10:21  Zergling x2  
  99  10:28  Zergling x6  
  102  10:34  Zergling x12  
  108  10:39  Zergling x8  
Tags
 
Add a new tag
Caveats
  • Supply blocks, unpowered buildings, or Contaminate may cause inaccurate times.
  • Supply counts are checked every 10 seconds.